 Dungeon Crawl Stone Soup version 0.29.0-13-gc9e81de378 (webtiles) character file.

Game seed: 5808964077673472876

83 emagee the Chopper (level 4, 0/35 HPs)
             Began as a Formicid Abyssal Knight on Sept 9, 2022.
             Was a Priest of Lugonu.
             Slain by a goblin
             ... wielding a +0 dagger
             ... led by Robin
              (1 damage)
             ... on level 2 of the Dungeon.
             The game lasted 00:04:26 (2104 turns).

emagee the Chopper (Formicid Abyssal Knight)        Turns: 2104, Time: 00:04:27

Health: 0/35       AC:  3    Str: 19    XL:     4   Next: 71%
Magic:  14/14      EV: 11    Int: 10    God:    Lugonu [***...]
Gold:   60         SH:  0    Dex: 14    Spells: 3/3 levels left

rFire   . . .      SeeInvis +   a - +1 hand axe
rCold   . . .      Faith    .   (no shield)
rNeg    . . .      Spirit   .   b - +0 leather armour
rPois   .          Reflect  .   (helmet unavailable)
rElec   .          Harm     .   (no cloak)
rCorr   .          Rampage  .   (no gloves)
Will    +....                   (no boots)
Stlth   +.........              (no amulet)
HPRegen 0.11/turn               m - ring of magical power
MPRegen 0.14/turn               n - ring of willpower

@: brilliant
A: permanent stasis, dig shafts and tunnels, antennae 3, four strong arms
a: Dig, Shaft Self, Renounce Religion, Depart the Abyss, Bend Space, Banish


You were on level 2 of the Dungeon.
You worshipped Lugonu.
Lugonu was most pleased with you.
You visited 1 branch of the dungeon, and saw 2 of its levels.
You visited the Abyss 1 time.

You collected 60 gold pieces.

Inventory:

Hand Weapons
 a - a +1 hand axe (weapon)
Missiles
 k - 2 silver boomerangs
Armour
 b - a +0 leather armour (worn)
Jewellery
 m - a ring of magical power (left hand)
 n - a ring of willpower (right hand)
Scrolls
 d - a scroll of butterflies {unknown}
 e - 2 scrolls of enchant armour {unknown}
 h - a scroll of poison {unknown}
 i - 2 scrolls of identify {unknown}
 j - a scroll of magic mapping {unknown}
 l - a scroll of blinking {unknown}
Potions
 g - a potion of haste {unknown}


   Skills:
 - Level 3.2 Fighting
 + Level 4.5 Axes
 - Level 2.1 Armour
 - Level 0.8 Dodging
 - Level 2.1 Invocations


You had 3 spell levels left.
You didn't know any spells.
Your spell library contained the following spells:

 Spells                   Type           Power      Damage    Failure   Level
 Sandblast                Erth           0%         2d4       41%         1
 Slow                     Hex            0%         N/A       41%         1
 Confusing Touch          Hex            0%         N/A       80%         3
 Vampiric Draining        Necr           0%         2d6       80%         3
 Leda's Liquefaction      Hex/Erth       0%         N/A       99%         4
 Petrify                  Tmut/Erth      0%         N/A       99%         4
 Metabolic Englaciation   Hex/Ice        0%         N/A       100%        5
 Statue Form              Tmut/Erth      0%         N/A       100%        6


Dungeon Overview and Level Annotations

Branches:
Dungeon (2/15)

Altars:

Annotations:
D:2 Robin


Innate Abilities, Weirdness & Mutations

You cannot be hasted, slowed, berserked, paralysed or teleported.
You can dig through walls and to a lower floor.
You have a pair of large antennae on your head. (SInv)
Your four strong arms can wield two-handed weapons with a shield.


Message History

The goblin hits you with a +0 club.
You see here a hobgoblin corpse.
You miss the goblin.
The goblin is heavily wounded.
The goblin barely misses you.
You barely miss the goblin.
The goblin is heavily wounded.
Robin throws the goblin at you! The goblin hits you with a +0 club.
You hit the goblin.
You kill the goblin!
Lugonu accepts your kill. Robin throws the goblin at you!
The goblin hits you with a +0 club.
Unknown command.
It was a potion of brilliance.
You feel clever all of a sudden. The goblin hits you with a +0 club.
It was a potion of berserk rage.
Your stasis prevents you from going berserk.
Robin hits you with a +1 dagger of speed.
* * * LOW HITPOINT WARNING * * *
The goblin hits you with a +0 club.
* * * LOW HITPOINT WARNING * * *
Robin hits you with a +1 dagger of speed.
* * * LOW HITPOINT WARNING * * *
You closely miss the goblin. You hit Robin. The goblin misses you.
Robin misses you.
You hit Robin.
Robin is heavily wounded.
You hit the goblin.
You kill the goblin!
Lugonu accepts your kill.
Robin hits you with a +1 dagger of speed.
* * * LOW HITPOINT WARNING * * *
You barely miss Robin.
Robin is heavily wounded.
The goblin no longer looks unusually strong.
Robin throws the goblin at you!
* * * LOW HITPOINT WARNING * * *
The goblin hits you with a +0 dagger.
You die...

.##########
###................
........(.#
#..#.#.#.#..<####
)########.# #............#
## #.# ##.#g#.#.#...# #
##.########.g...#.....# ##
#.............#####..## .#
#..########...........# ##
##..########....####...# #
#........g@g)....# #.#.#
#..#####.###....## #.#.####
#####..#####.......##
#.#.....
#.........######..##
#.#..... #.###..##.#
#...######.###### #.#
#..##.# #...#..........##
#.# #..##.##
#................ #.#
#..#...####...........##.##
#.#
#...................#..#.#


You could see Robin and a goblin.

Vanquished Creatures
  Jessica (D:2)
  An adder (D:2)
  3 bats (D:1)
  2 endoplasms (D:1)
  3 giant cockroaches
  11 goblins
  6 hobgoblins
  A quokka (D:2)
  8 ball pythons
  A frilled lizard (D:1)
  3 kobolds
  2 rats
42 creatures vanquished.

Notes
Turn   | Place    | Note
-------+----------+-------------------------------------------
     0 | Abyss:1  | emagee the Formicid Abyssal Knight began the quest for the
                  | Orb.
     0 | Abyss:1  | Reached XP level 1. HP: 18/18 MP: 2/2
     4 | D:1      | Escaped the Abyss
    18 | D:1      | Got Puvvo's Secrets of Spelunking
    76 | D:1      | Reached XP level 2. HP: 19/24 MP: 3/3
   340 | D:1      | Reached skill level 3 in Axes
   893 | D:1      | Reached XP level 3. HP: 29/29 MP: 4/4
  1030 | D:2      | Noticed Robin
  1241 | D:2      | Reached *** piety under Lugonu
  1506 | D:2      | Noticed Jessica
  1511 | D:2      | Killed Jessica
  1512 | D:2      | Reached skill level 4 in Axes
  1512 | D:2      | Reached XP level 4. HP: 27/35 MP: 5/5
  2104 | D:2      | HP: 1/35 [Robin/goblin (2)]
  2104 | D:2      | Slain by a goblin

Illustrated notes

Levels and vault maps discovered:
D:1:      lightli_arrival_boilingwater, layout_loops_cross
D:2:      layout_loops_ring, grunt_ministairs_8, uniq_jessica, uniq_robin

Skill      XL: |  1  2  3 |
---------------+----------+-----
Axes           | 3 4 |  4.5
Fighting       | |  3.2
Armour         | |  2.1
Dodging        | |  0.8
Invocations    | |  2.1

Action                   |  1- 3 |  4- 6 || total
-------------------------+-------+-------++-------
Melee: Hand axe          |    82 |    21 ||   103
       Punch             |     1 |       ||     1
  Use: Potion            |       |     2 ||     2
 Stab: Sleeping          |     3 |       ||     3
       Distracted        |       |     1 ||     1
Armor: Leather armour    |    26 |     8 ||    34
Dodge: Dodged            |    40 |    16 ||    56
